 Dungeon Crawl Stone Soup version 0.28-a0-664-gc179e30c89 (webtiles) character file.

Game seed: 14361811563714617429

117 blank1 the Skirmisher (level 4, -3/55 HPs)
             Began as a Demonspawn Gladiator on Oct 16, 2021.
             Slain by an ogre (8 damage)
             ... on level 3 of the Dungeon.
             The game lasted 00:05:51 (2429 turns).

blank1 the Skirmisher (Demonspawn Gladiator)        Turns: 2429, Time: 00:05:51

Health: -3/55      AC: 22    Str: 16    XL:     4   Next: 71%
Magic:  4/4        EV:  2    Int:  9    God:
Gold:   131        SH:  0    Dex: 14    Spells: 3/3 levels left

rFire   . . .      SeeInvis .   t - +2 whip (pain)
rCold   . . .      Faith    .   (no shield)
rNeg    + . .      Spirit   .   (armour currently unavailable)
rPois   +          Reflect  .   (helmet currently unavailable)
rElec   .          Harm     .   (cloak currently unavailable)
rCorr   .          Rampage  .   (gloves currently unavailable)
Will    .....      NoTele   +   (boots currently unavailable)
Stlth   +.........              (no amulet)
HPRegen 0.18/turn               f - ring of positive energy
MPRegen 0.09/turn               p - +4 ring of evasion

@: tree-form, hasted, very quick
A: stationary, stasis, torment immunity, boosted hp, (demonic touch 1)
a: no special abilities


You were on level 3 of the Dungeon.
You were a tree.
You visited 1 branch of the dungeon, and saw 5 of its levels.

You collected 131 gold pieces.

Inventory:

Hand Weapons
 a - a +0 flail
 t - a +2 whip of pain (weapon)
Missiles
 d - 3 throwing nets (quivered)
Armour
 b - a +0 leather armour (melded)
 c - a +0 helmet (melded)
 o - a +0 pair of gloves (melded)
 r - a +0 pair of boots (melded)
Jewellery
 f - a ring of positive energy (left branch)
 p - a +4 ring of evasion (right branch)
Scrolls
 g - a scroll of noise {unknown}
 j - a scroll of silence {unknown}
 k - a scroll of enchant weapon {unknown}
 m - 3 scrolls of identify {unknown}
 n - 2 scrolls of teleportation {unknown}
Potions
 l - a potion of haste
 q - a potion of resistance {unknown}
 s - a potion of curing {unknown}


   Skills:
 + Level 4.0 Fighting
 + Level 3.0 Maces & Flails
 - Level 1.7 Throwing
 - Level 1.0 Armour
 - Level 3.0 Dodging
 + Level 1.2 Necromancy


You had 3 spell levels left.
You didn't know any spells.
Your spell library was empty.

Dungeon Overview and Level Annotations

Branches:
Dungeon (5/15)
 Temple: D:4-7

Altars:


Innate Abilities, Weirdness & Mutations

You are a tree.
Your roots penetrate the ground, keeping you stationary.
You cannot be teleported.
You are immune to unholy pain and torment.
Your maximum health is greatly increased.
Your equipment is partially melded.
((Your touch may inflict minor irresistible damage on your foes.))


Message History

The adder closely misses you.
You flicker for a moment.
The adder misses you. The adder completely misses you.
You flicker back into view.
The adder bites you.
* * * LOW HITPOINT WARNING * * *
The adder closely misses you.
You are starting to lose your buoyancy.
The adder bites you but does no damage.
It was a potion of lignification.
You turn into a tree.
Your +0 helmet melds into your body.
Your +0 pair of gloves melds into your body.
Your +0 pair of boots melds into your body.
Your +0 leather armour melds into your body.
Your roots penetrate the ground.
The adder completely misses you. The adder bites you but does no damage.
Unknown command.
It was a potion of haste.
You feel yourself speed up. The adder bites you but does no damage.
Your magical contamination has completely faded away.
You hit the adder.
The adder is severely wounded.
The adder bites you but does no damage.
You closely miss the adder.
The adder is severely wounded.
The adder bites you.
* * * LOW HITPOINT WARNING * * *
You hit the adder.
The adder is almost dead.
You closely miss the adder.
The adder is almost dead.
The adder bites you but does no damage.
You closely miss the adder.
The adder is almost dead.
The adder bites you but does no damage.
You hit the adder.
You kill the adder!
You barely miss the ogre. The ogre hits you with a +0 giant club!
You die...

#...O.>............†..
#.##....#####....#####
#.##....# ######
#.##....#
#.##....##########
#O########.......# #
#.# #.#####.## #
#.########.#......####
#...O♣..##.#.###....##
#######.##........#.##
#.##.....####[#.
#...........#.#.
#####.#.......#.
#.#.###...#.
#.#.........
#.#....<#.##
#.##.####...


You could see an ogre.

Vanquished Creatures
  An orc wizard (D:3)
  4 adders
  A dart slug (D:1)
  3 orcs (D:3)
  2 ball pythons
  5 endoplasms
  A giant cockroach (D:1)
  3 goblins
  5 hobgoblins
  2 kobolds
  4 quokkas (D:1)
  9 bats
  5 frilled lizards
  7 rats
52 creatures vanquished.

Notes
Turn   | Place    | Note
-------+----------+-------------------------------------------
     0 | D:1      | blank1 the Demonspawn Gladiator began the quest for the
                  | Orb.
     0 | D:1      | Reached XP level 1. HP: 16/16 MP: 1/1
   329 | D:1      | Gained mutation: Your touch may inflict minor irresistible
                  | damage on your foes. [demonic ancestry]
   329 | D:1      | Reached XP level 2. HP: 21/21 MP: 2/2
   922 | D:1      | Reached XP level 3. HP: 28/28 MP: 3/3
   952 | D:1      | Reached skill level 3 in Fighting
  1051 | D:2      | You fall into a shaft and drop 2 floors!
  1124 | D:3      | You fall into a shaft and drop 2 floors!
  1124 | D:5      | Entered Level 5 of the Dungeon
  1215 | D:3      | Reached skill level 1 in Armour
  1460 | D:2      | Reached XP level 4. HP: 34/37 MP: 4/4
  2194 | D:3      | Reached skill level 4 in Fighting
  2361 | D:3      | Reached skill level 1 in Necromancy
  2362 | D:3      | Noticed an ogre
  2394 | D:3      | HP: 1/37 [adder (4)]
  2429 | D:3      | Slain by an ogre

Illustrated notes

Levels and vault maps discovered:
D:1:      pf_arrival_petrified_forest, layout_basic, minmay_fountain_box
D:2:      layout_loops_ring, grunt_decor_one_mirror, minmay_pentomino_u4
D:3:      layout_basic, amcnicky_altar_gilded, st_stairs_11,
          supply_closet_lemuel, grunt_decor_arrowhead, uniq_natasha, uniq_robin
D:4:      layout_loops_ring, minmay_temple_entry_overgrown, serial_shops, shop,
          serial_bayou, serial_bayou_pond_c, serial_bayou_pond_e,
          serial_bayou_pond_a, serial_bayou_shore_a, serial_bayou_pond_a,
          minmay_ogre_servants
D:5:      layout_loops_ring, kiku_gazebo_pond_becter, gup_sewer_entry_spiral,
          gammafunk_ghost_nasty_kobolds

Skill      XL: |  1  2  3  4 |
---------------+-------------+-----
Dodging        | 3 |  3.0
Maces & Flails | 3 |  3.0
Fighting       | 3 4 |  4.0
Armour         | 1 |  1.0
Necromancy     | 1 |  1.2
Throwing       | |  1.7

Action                   |  1- 3 |  4- 6 || total
-------------------------+-------+-------++-------
Melee: Flail             |    98 |    32 ||   130
       Touch             |     9 |     2 ||    11
       Whip              |       |    25 ||    25
  Use: Potion            |       |     4 ||     4
 Stab: Sleeping          |       |     1 ||     1
Armor: Leather armour    |    34 |    19 ||    53
       Skin              |       |     5 ||     5
Dodge: Dodged            |    71 |    64 ||   135

Table legend: (Time is in decaauts)
 A = Elapsed time spent in this place.
 B = Non-inter-level travel time spent in this place.
 C = Inter-level travel time spent in this place.
 D = Time resting spent in this place.
 E = Time spent auto-exploring this place.
 F = Levels seen in this place.
 G = Mean time per level.
                   A        B        C        D        E       F      G
               +--------+--------+--------+--------+--------+-----+--------+
         Total |   2458 |   2363 |     95 |    213 |   1626 |   5 |  491.6 |
       Dungeon |   2458 |   2363 |     95 |    213 |   1626 |   5 |  491.6 |
               +--------+--------+--------+--------+--------+-----+--------+

Top non-repeatable levels by time:
     D:1: 1051 daAuts
     D:2: 721 daAuts
     D:3: 592 daAuts
     D:4: 76 daAuts
     D:5: 15 daAuts
